 Dungeon Crawl Stone Soup version 0.30-a0-358-g0d69a1922f (webtiles) character file.

Game seed: 16618540637335072031

404 qeuew the Nimble (level 6, -7/30 HPs)
             Began as a Felid Berserker on Nov 10, 2022.
             Was a Believer of Trog.
             Splashed by a jelly's acid (8 damage)
             ... on level 5 of the Dungeon.
             The game lasted 00:06:15 (3936 turns).

qeuew the Nimble (Felid Berserker)                  Turns: 3936, Time: 00:06:17

Health: -7/30      AC: -6    Str: 15    XL:     6   Next: 56%
Magic:  7/7        EV: 21    Int:  8    God:    Trog [**....]
Gold:   284        SH:  0    Dex: 16    Spells: 5/5 levels left
                                        Lives:  0   Deaths: 2

rFire   . . .      SeeInvis +      - Unarmed
rCold   . . .      Faith    .    (shield unavailable)
rNeg    . . .      Spirit   .    (body armour unavailable)
rPois   .          Reflect  .    (helmet unavailable)
rElec   .          Harm     .    (cloak unavailable)
rCorr   .          Rampage  .    (gloves unavailable)
Will    .....                    (boots unavailable)
Stlth   +++.......               (no amulet)
HPRegen 0.25/turn                (no ring)
MPRegen 0.10/turn                (no ring)

@: corroded, quick
A: very small, claws 1, fangs 3, see invisible, speed 1, shaggy fur 2, stealthy
paws, no weapons or thrown items, no armour, multi-lived
a: Renounce Religion, Berserk, Trog's Hand


You were on level 5 of the Dungeon.
You worshipped Trog.
Trog was pleased with you.
You visited 1 branch of the dungeon, and saw 5 of its levels.

You collected 284 gold pieces.

Inventory:

Wands
 a - a wand of quicksilver (7)
Scrolls
 b - a scroll of blinking
 c - a scroll of teleportation
Potions
 d - a potion of flight


   Skills:
 + Level 4.8 Fighting
 * Level 8.1 Dodging
 + Level 5.0 Stealth
 + Level 4.7 Unarmed Combat
 + Level 1.6 Evocations


You had 5 spell levels left.
You didn't know any spells.
Your spell library was empty.

Dungeon Overview and Level Annotations

Branches:
Dungeon (5/15)
 Temple: D:4-7

Altars:
Ashenzari
Dithmenos
Elyvilon
Fedhas
Sif Muna
Uskayaw
Yredelemnul
The Shining One


Innate Abilities, Weirdness & Mutations

You have sharp claws.
You have razor-sharp teeth.
You have supernaturally acute eyesight. (SInv)
You cover ground quickly. (Speed+)
You are covered in thick fur. (AC +2)
Your paws help you pounce on unaware monsters.
You are incapable of wielding weapons or throwing items.
You cannot wear armour.
You gain extra lives every three experience levels.


Message History

You die...
You are now level 6!
You rejoin the land of the living...
Found a potion of degeneration.
You see here a potion of degeneration.
There is a stone staircase leading up here.
You now have 284 gold pieces (gained 7).
You see here the +1 ring mail of Nuacom {Regen+}.
A jelly comes into view.
The jelly quivers.
The jelly barely misses you.
You scratch the jelly but do no damage.
Your paws burn!
You bite the jelly.
The jelly is moderately wounded.
The jelly misses you.
You scratch the jelly but do no damage.
Your paws burn!
The jelly is moderately wounded.
The jelly misses you.
You scratch the jelly but do no damage.
Your paws burn!
The jelly is moderately wounded.
The jelly hits you. The acid corrodes you!
You are splashed with acid!
You are too injured to fight recklessly!
You are too injured to fight recklessly!
You are too injured to fight recklessly!
You are too injured to fight recklessly!
You are too injured to fight recklessly!
You are too injured to fight recklessly!
You are too injured to fight recklessly!
You are too injured to fight recklessly!
You are too injured to fight recklessly!
You are too injured to fight recklessly!
You scratch the jelly. The acid corrodes you!
Your paws burn!
* * * LOW HITPOINT WARNING * * *
The jelly is heavily wounded.
You scratch the jelly.
Your paws burn!
* * * LOW HITPOINT WARNING * * *
The jelly is severely wounded.
The jelly hits you.
* * * LOW HITPOINT WARNING * * *
The acid corrodes you!
You are splashed with acid!
You die...

#.#.# #.#.#
#.#.#
#.#.#######
#..........
#######.######
............#
#######.###.#
#@# #J# #..
#.## ###


You could see a jelly.

Vanquished Creatures
  A black bear (D:4)
  A necrophage (D:4)
  2 scorpions (D:4)
  3 hounds
  A gnoll bouda (D:5)
  Jessica (D:2)
  An iguana (D:4)
  3 orc wizards
  Natasha (thrice) (D:3)
  13 gnolls
  5 adders
  2 worms
  2 dart slugs (D:2)
  9 orcs
  5 endoplasms
  2 giant cockroaches
  6 goblins
  6 hobgoblins
  11 kobolds
  3 quokkas
  4 ball pythons
  4 bats
  3 frilled lizards
  7 rats
98 creatures vanquished.

Notes
Turn   | Place    | Note
-------+----------+-------------------------------------------
     0 | D:1      | qeuew the Felid Berserker began the quest for the Orb.
     0 | D:1      | Reached XP level 1. HP: 10/10 MP: 2/2
   222 | D:1      | Reached XP level 2. HP: 14/14 MP: 3/3
   229 | D:1      | Reached skill level 1 in Stealth
   407 | D:1      | Found a faded altar of an unknown god.
   407 | D:1      | Noticed a neqoxec
   689 | D:2      | Reached XP level 3. HP: 15/17 MP: 4/4
   772 | D:2      | Reached skill level 5 in Dodging
   886 | D:2      | Reached XP level 4. HP: 17/21 MP: 5/5
   896 | D:2      | Found a hide-covered altar of Uskayaw.
  1060 | D:2      | Reached ** piety under Trog
  1122 | D:2      | HP: 1/31 [gnoll/+0 spear (4)]
  1123 | D:2      | Mangled by a gnoll
  1124 | D:2      | Reached XP level 3. HP: -7/25 MP: 4/4
  1179 | D:2      | Reached XP level 4. HP: 10/21 MP: 5/5
  1373 | D:2      | Noticed Jessica
  1381 | D:2      | Killed Jessica
  1499 | D:3      | Noticed Natasha
  1504 | D:3      | Killed Natasha
  1505 | D:3      | Reached skill level 6 in Dodging
  1508 | D:3      | Reached XP level 5. HP: 24/25 MP: 6/6
  1716 | D:3      | Found a glowing golden altar of the Shining One.
  1887 | D:3      | Found a blossoming altar of Fedhas.
  1990 | D:3      | Found a shimmering blue altar of Sif Muna.
  2000 | D:3      | Found a basalt altar of Yredelemnul.
  2003 | D:3      | Noticed Natasha
  2316 | D:3      | Killed Natasha
  2391 | D:3      | Noticed Natasha
  2398 | D:3      | Killed Natasha
  2461 | D:4      | Gained mutation: You are covered in thick fur. (AC +2)
                  | [Felid growth]
  2461 | D:4      | Reached XP level 6. HP: 28/28 MP: 7/7
  2496 | D:4      | Reached skill level 7 in Dodging
  2737 | D:4      | Found a shadowy altar of Dithmenos.
  2767 | D:4      | Reached XP level 7. HP: 23/33 MP: 8/8
  3041 | D:4      | Found a broken altar of Ashenzari.
  3065 | D:4      | Reached skill level 1 in Evocations
  3383 | D:4      | Found a white marble altar of Elyvilon.
  3638 | D:5      | Entered Level 5 of the Dungeon
  3760 | D:5      | Identified the +4 leather armour of Mumab {Regen+ Int+2}
  3787 | D:5      | Reached skill level 8 in Dodging
  3787 | D:5      | Reached skill level 5 in Stealth
  3881 | D:5      | Splashed by a jelly's acid
  3882 | D:5      | Reached XP level 6. HP: -5/45 MP: 7/7
  3916 | D:5      | Identified the +1 ring mail of Nuacom {Regen+}
  3936 | D:5      | HP: 1/30 [jelly (3)]
  3936 | D:5      | Splashed by a jelly's acid

Illustrated notes

Levels and vault maps discovered:
D:1:      scummos_arrival_gate, layout_rooms, serial_forest,
          infiniplex_forest_lined_room_, infiniplex_forest_end_2,
          infiniplex_forest_end_1, infiniplex_forest_clump_double,
          dreamdust_ecumenical_altar_sealed_demon
D:2:      layout_basic, basic_altar, uniq_jessica
D:3:      layout_basic, mainiacjoe_overflow_surrounded_room,
          mainiacjoe_overflow_boulevard, mainiacjoe_overflow_tiny_flanked,
          nicolae_overflow_crystal_walls, serial_bayou_pond_d, uniq_natasha
D:4:      layout_basic, amcnicky_altar_gilded, lemuel_round_altar,
          mainiacjoe_overflow_alcove_2
D:5:      layout_basic, mainiacjoe_overflow_paths

Skill      XL: |  1  2  3  4  5  6  7 |
---------------+----------------------+-----
Stealth        | 1 2 3 4 5 |  5.0
Dodging        | 5 6 7 8 |  8.1
Unarmed Combat | 4 |  4.7
Fighting       | 4 |  4.8
Evocations     | 1 |  1.6

Action                   |  1- 3 |  4- 6 |  7- 9 || total
-------------------------+-------+-------+-------++-------
Melee: Unarmed           |    75 |   123 |    97 ||   295
       Punch             |     1 |     4 |     2 ||     7
       Bite              |     4 |    12 |    13 ||    29
Invok: Berserk           |     3 |     6 |     2 ||    11
       Trog's Hand       |       |       |     1 ||     1
  Use: Scroll            |     3 |     5 |     2 ||    10
       Potion            |     3 |     2 |       ||     5
 Stab: Sleeping          |     3 |     9 |     3 ||    15
Armor: Skin              |     2 |     6 |     4 ||    12
Dodge: Dodged            |    67 |    95 |    95 ||   257

Table legend: (Time is in decaauts)
 A = Elapsed time spent in this place.
 B = Non-inter-level travel time spent in this place.
 C = Inter-level travel time spent in this place.
 D = Time resting spent in this place.
 E = Time spent auto-exploring this place.
 F = Levels seen in this place.
 G = Mean time per level.
                   A        B        C        D        E       F      G
               +--------+--------+--------+--------+--------+-----+--------+
         Total |   3426 |   3359 |     67 |     28 |   2637 |   5 |  685.2 |
       Dungeon |   3426 |   3359 |     67 |     28 |   2637 |   5 |  685.2 |
               +--------+--------+--------+--------+--------+-----+--------+

Top non-repeatable levels by time:
     D:4: 1073 daAuts
     D:3: 780 daAuts
     D:2: 763 daAuts
     D:1: 549 daAuts
     D:5: 259 daAuts
